 Dungeon Crawl Stone Soup version 0.20.0-3-g22ec75f (webtiles) character file.

167 Chiseanne the Vexing (level 5, -5/30 HPs)
             Began as a Deep Elf Arcane Marksman on May 27, 2017.
             Killed from afar by Sigmund (8 damage)
             ... with a magic dart
             ... on level 4 of the Dungeon.
             The game lasted 00:13:57 (4589 turns).

Chiseanne the Vexing (Deep Elf Arcane Marksman)     Turns: 4589, Time: 00:13:58

Health: -5/30      AC:  8    Str: 10    XL:     5   Next: 23%
Magic:  12/12      EV: 12    Int: 18    God:
Gold:   84         SH:  0    Dex: 15    Spells: 1/10 levels left

rFire    . . .     SeeInvis .   a - +0 short sword
rCold    . . .     Gourm    .   (no shield)
rNeg     . . .     Faith    .   l - +0 ring mail
rPois    .         Spirit   .   (no helmet)
rElec    .         Reflect  .   i - +0 cloak
rCorr    .         Harm     .   (no gloves)
MR       .....                  r - +0 pair of boots
Stlth    +.........             (no amulet)
Regen    0.1/turn               (no ring)
MPRegen  0.2/turn               (no ring)

@: no status effects
A: rugged brown scales 1, high mp 1, strong 1, MP-powered wands
a: no special abilities


You were on level 4 of the Dungeon.
You were hungry.

You visited 1 branch of the dungeon, and saw 6 of its levels.

You collected 84 gold pieces.

Inventory:

Hand Weapons
 a - a +0 short sword (weapon)
 w - a +2 shortbow
Missiles
 d - 50 arrows
 g - 15 bolts
 h - 130 stones (quivered)
 k - 31 poisoned needles
 p - 5 javelins
Armour
 i - a +0 cloak (worn)
 l - a +0 ring mail (worn)
 r - a +0 pair of boots (worn)
Potions
 b - a potion of berserk rage
 e - 2 potions of brilliance
 j - 2 potions of might {unknown}
 n - a potion of magic {unknown}
 q - a potion of heal wounds
 s - a potion of ambrosia {unknown}
Books
 c - a book of Debilitation

   Spells                             Type                      Level
   a - Corona                         Hexes                        1
   b - Slow                           Hexes                        2
   c - Inner Flame                    Hexes/Fire                   3
   d - Portal Projectile              Hexes/Translocation          3
   e - Cause Fear                     Hexes                        4
   f - Leda's Liquefaction            Hexes/Earth                  4
 o - a book of Misfortune

   Spells                             Type                      Level
   a - Confusing Touch                Hexes                        1
   b - Confuse                        Hexes                        3
   c - Gell's Gravitas                Translocation                3
   d - Petrify                        Transmutation/Earth          4
   e - Metabolic Englaciation         Hexes/Ice                    5
   f - Yara's Violent Unravelling     Hexes/Transmutation          5
Comestibles
 f - 5 bread rations
 m - 3 royal jellies


   Skills:
 * Level 1.8 Fighting
 * Level 3.1 Bows
 * Level 1.1 Armour
 * Level 3.7 Dodging
 * Level 3.1 Spellcasting
 * Level 4.8 Hexes


You had one spell level left.
You knew the following spells:

 Your Spells              Type           Power        Failure   Level  Hunger
a - Corona                Hex            ###....      5%          1    None
b - Slow                  Hex            ###.....     9%          2    ##.....
c - Inner Flame           Hex/Fire       ##......     41%         3    ###....
d - Confuse               Hex            ###.....     17%         3    ###....


Dungeon Overview and Level Annotations

Branches:
Dungeon (6/15)
 Temple: D:4-7

Altars:
Cheibriados
Dithmenos
Nemelex Xobeh
Uskayaw

Annotations:
D:4 Edmund, Sigmund


Innate Abilities, Weirdness & Mutations

You are partially covered in rugged brown scales. (AC +1, +3% HP)
You have an increased reservoir of magic. (+10% MP)
Your muscles are strong. (Str +2)
You expend magic power (3 MP) to strengthen your wands.


Message History

You see here a short sword.
The orc hits you but does no damage.
Found a morningstar.
The iguana's inner flame fades away.
A quokka comes into view.
Sigmund shouts!
Sigmund says, "Don't worry, I'll kill you fast."
Sigmund casts a spell at you. The puff of flame hits you!
A jackal comes into view.
The jackal barks! x2
Sigmund points at you and mumbles some strange words.
The magic dart hits you!
* * * LOW HITPOINT WARNING * * *
Found a meat ration.
A jackal comes into view.
The jackal barks!
Sigmund points at you and mumbles some strange words.
The magic dart hits you!
You die...

.......g#.#.........#..#
##.#......#.........##.#
#......####.......g....####.
.###....
.'.....g............
#.......lg....#####
#.......g)###.#
######....####..# #
.......or......... #
...%...@#######.### ....
........<# .# ....
.........# ...? ...h..!..#
.... ...@h..... ....
........... .... %h.........
.... ............
..####..@..


You could see Sigmund, an iguana, 4 gnolls, an orc (inner flame), a quokka and 3
jackals.

Vanquished Creatures
  A bullfrog zombie (D:5)
  A hound skeleton (D:5)
  A gnoll (D:1)
  3 adders
  2 dart slugs (D:1)
  A leopard gecko (D:3)
  2 orcs
  3 ball pythons
  6 giant cockroaches
  4 goblins (D:2)
  4 hobgoblins
  15 jackals
  2 quokkas
  6 bats
  7 frilled lizards
  11 kobolds
  7 rats
76 creatures vanquished.

Notes
Turn   | Place    | Note
-------+----------+-------------------------------------------
     0 | D:1      | Chiseanne the Deep Elf Arcane Marksman began the quest for the Orb.
     0 | D:1      | Reached XP level 1. HP: 11/11 MP: 5/5
   434 | D:1      | Reached XP level 2. HP: 14/16 MP: 6/6
  1112 | D:1      | Reached XP level 3. HP: 20/20 MP: 8/8
  1159 | D:1      | Found a sparkling altar of Nemelex Xobeh.
  1551 | D:2      | Learned a level 2 spell: Slow
  1965 | D:2      | Found a snail-covered altar of Cheibriados.
  2099 | D:2      | Reached skill level 1 in Fighting
  2474 | D:2      | Found a shadowy altar of Dithmenos.
  2613 | D:2      | Gained mutation: You are partially covered in rugged brown scales. (AC +1, +3% HP) [potion of mutation]
  2613 | D:2      | Gained mutation: You expend magic power (3 MP) to strengthen your wands. [potion of mutation]
  2613 | D:2      | Gained mutation: You have an increased reservoir of magic. (+10% MP) [potion of mutation]
  2613 | D:2      | Gained mutation: Your muscles are strong. (Str +2) [potion of mutation]
  2632 | D:2      | Reached XP level 4. HP: 14/25 MP: 5/10
  3250 | D:3      | Learned a level 3 spell: Inner Flame
  3755 | D:3      | Found a hide-covered altar of Uskayaw.
  4125 | D:4      | Noticed Sigmund
  4209 | D:4      | Noticed Edmund
  4224 | D:5      | Entered Level 5 of the Dungeon
  4261 | D:5      | Reached skill level 1 in Armour
  4272 | D:5      | Reached XP level 5. HP: 17/30 MP: 3/12
  4405 | D:5      | Learned a level 3 spell: Confuse
  4426 | D:5      | Noticed an ice beast
  4480 | D:6      | Noticed a sky beast
  4589 | D:4      | Killed from afar by Sigmund

Skill      XL: |  1  2  3  4 |
---------------+-------------+-----
Spellcasting   | 2 3 |  3.1
Dodging        | 3 |  3.7
Fighting       | 1 |  1.8
Bows           | 3 |  3.1
Armour         | 1 |  1.1
Hexes          | |  4.8

Action                   |  1- 3 |  4- 6 || total
-------------------------+-------+-------++-------
Melee: Dagger            |   152 |       ||   152
       Short sword       |    87 |    71 ||   158
 Fire: Shortbow          |    90 |    38 ||   128
 Cast: Corona            |    21 |    15 ||    36
       Slow              |     1 |     6 ||     7
       Confuse           |       |     3 ||     3
  Use: Scroll            |    10 |     3 ||    13
       Potion            |     2 |     2 ||     4
  Eat: Chunk             |     6 |     6 ||    12
Armor: Robe              |     3 |       ||     3
       Ring mail         |   126 |    64 ||   190
Dodge: Dodged            |   156 |    78 ||   234
